 Dungeon Crawl Stone Soup version 0.24.0-123-gd5b16e6ec5 (webtiles) character file.

Game seed: 5183794286590504389, levelgen mode: deterministic

425 Amplified the Skirmisher (level 6, -3/56 HPs)
             Began as a Hill Orc Fire Elementalist on Feb 8, 2020.
             Was a Follower of Makhleb.
             Slain by a mummy (8 damage)
             ... in an ossuary.
             The game lasted 00:07:34 (5070 turns).

Amplified the Skirmisher (HOFE)                     Turns: 5070, Time: 00:07:36

Health: -3/56      AC:  4    Str: 18    XL:     6   Next: 96%
Magic:  6/8        EV: 14    Int: 15    God:    Makhleb [*.....]
Gold:   207        SH:  0    Dex: 11    Spells: 6/8 levels left

rFire    . . .     SeeInvis .   g - +2 dagger (venom)
rCold    . . .     Gourm    .   (no shield)
rNeg     . . .     Faith    .   a - +0 robe
rPois    .         Spirit   .   (helmet restricted)
rElec    .         Reflect  .   f - +0 cloak
rCorr    .         Harm     .   (no gloves)
MR       .....     Clarity  +   m - +0 pair of boots
Stlth    ++........             (no amulet)
HPRegen  0.18/turn              l - +2 ring of evasion
MPRegen  0.11/turn              (no ring)

@: mighty, very slightly contaminated, lightly drained
A: antennae 1, fangs 1, clarity
a: Renounce Religion


You were in an ossuary.
You worshipped Makhleb.
Makhleb was aware of your devotion.
You were not hungry.

You visited 1 branch of the dungeon, and saw 5 of its levels.
You also visited: Ossuary.

You collected 207 gold pieces.

Inventory:

Hand Weapons
 d - a +0 war axe
 g - a +2 dagger of venom (weapon)
Missiles
 k - 2 atropa-tipped darts (quivered)
Armour
 a - a +0 robe (worn)
 e - a +0 plate armour
 f - a +0 cloak (worn)
 h - a +1 plate armour of magic resistance
 m - a +0 pair of boots (worn)
Jewellery
 l - a +2 ring of evasion (left hand)
Scrolls
 i - a scroll of fear
 j - 3 scrolls of remove curse
 o - a scroll of enchant armour {unknown}
Potions
 b - a potion of magic
Comestibles
 c - 3 rations


   Skills:
 * Level 5.6(5.3) Fighting
 - Level 1.8(1.5) Short Blades
 * Level 4.1(3.8) Axes
 - Level 1.5(1.2) Dodging
 - Level 1.5(1.2) Stealth
 - Level 1.5(1.2) Spellcasting
 - Level 1.0(0.7) Conjurations
 - Level 3.2(2.9) Fire Magic
 * Level 3.5(3.2) Invocations


You had 6 spell levels left.
You knew the following spells:

 Your Spells              Type           Power        Failure   Level  Hunger
a - Flame Tongue          Conj/Fire      #....        11%         1    ##.....
b - Confusing Touch       Hex            #.....       24%         1    ##.....

Your spell library contained the following spells:

 Spells                   Type           Power        Failure   Level  Hunger
 Throw Flame              Conj/Fire      #.....       17%         2    ###....
 Conjure Flame            Conj/Fire      #.......     32%         3    ####...
 Inner Flame              Hex/Fire       #.......     36%         3    ####...
 Confuse                  Hex            #.......     58%         3    ####...
 Gell's Gravitas          Tloc           #.........   58%         3    ####...
 Sticky Flame             Conj/Fire      #.......     73%         4    #####..
 Petrify                  Tmut/Erth      #.......     94%         4    #####..
 Fireball                 Conj/Fire      #.........   97%         5    ######.
 Metabolic Englaciation   Hex/Ice        #.........   100%        5    ######.
 Yara's Violent Unravell  Hex/Tmut       #.........   100%        5    ######.


Dungeon Overview and Level Annotations

Branches:
Dungeon (5/15)            Ossuary (1/1)
 Temple: D:4-7

Altars:
Ashenzari
Gozag
Makhleb

Annotations:
D:4 Ijyb


Innate Abilities, Weirdness & Mutations

You have a pair of small antennae on your head.
You have very sharp teeth.
You possess an exceptional clarity of mind.


Message History

The mummy closely misses you.
You hit the mummy.
The mummy is heavily damaged.
You hit the mummy. You bite the mummy, but do no damage.
The mummy is heavily damaged.
The mummy hits you!
The mummy seems less confused.
Okay, then.
It was a potion of might.
You feel very mighty all of a sudden.
You hit the mummy. You bite the mummy.
The mummy is almost destroyed.
The mummy hits you!
* * * LOW HITPOINT WARNING * * *
Okay, then.
Okay, then.
You barely miss the mummy.
The mummy is almost destroyed.
The mummy hits you!
You die...

{ ##### #@M∩#
#.M.# #...#
≈###.##'##≈##≈#
#≈..≈≈≈≈≈.≈≈≈.≈
###≈≈#≈≈.≈.#+#≈
## #P≈P≈P#
≈####≈≈≈ ≈#
#≈##


You could see 2 mummies.

Vanquished Creatures
  An elf skeleton (D:5)
  A human zombie (D:5)
  2 iguanas
  2 worker ants
  2 mummies (Ossuary)
  A human skeleton (D:5)
  7 adders
  3 oozes
  2 adder zombies
  An adder skeleton (D:4)
  4 worms
  2 dart slugs
  A leopard gecko (D:2)
  7 bats
  4 giant cockroaches
  10 goblins
  5 hobgoblins
  10 jackals
  5 kobolds
  A quokka (D:3)
  3 ball pythons
  4 frilled lizards
  An orc skeleton (D:5)
  An orc zombie (D:5)
  7 rats
87 creatures vanquished.

Vanquished Creatures (others)
  A withered plant (Ossuary)
1 creature vanquished.

Grand Total: 88 creatures vanquished

Notes
Turn   | Place    | Note
-------+----------+-------------------------------------------
     0 | D:1      | Amplified the Hill Orc Fire Elementalist began the quest
                  | for the Orb.
     0 | D:1      | Reached XP level 1. HP: 14/14 MP: 3/3
    47 | D:1      | Reached skill level 1 in Fighting
   159 | D:1      | Reached XP level 2. HP: 24/24 MP: 1/4
   161 | D:1      | Reached skill level 2 in Fighting
   331 | D:1      | Reached skill level 3 in Fighting
   408 | D:1      | Reached XP level 3. HP: 17/31 MP: 3/5
  1104 | D:2      | Reached skill level 1 in Short Blades
  1137 | D:2      | Reached XP level 4. HP: 14/40 MP: 6/6
  1548 | D:2      | Reached skill level 4 in Fighting
  1692 | D:2      | Found a burning altar of Makhleb.
  1715 | D:2      | Became a worshipper of Makhleb the Destroyer
  2508 | D:3      | Reached skill level 1 in Axes
  2824 | D:3      | Found an opulent altar of Gozag.
  2837 | D:3      | Gained mutation: You possess an exceptional clarity of
                  | mind. [potion of mutation]
  2837 | D:3      | Gained mutation: You have a pair of small antennae on your
                  | head. [potion of mutation]
  2837 | D:3      | Gained mutation: You have very sharp teeth. [potion of
                  | mutation]
  2847 | D:3      | Reached XP level 5. HP: 47/47 MP: 7/7
  3104 | D:3      | Reached * piety under Makhleb
  3133 | D:3      | Found a shattered altar of Ashenzari.
  3754 | D:4      | Noticed an ogre
  3764 | D:4      | Noticed a phantom
  3806 | D:3      | Reached skill level 1 in Invocations
  4525 | D:4      | Reached XP level 6. HP: 52/55 MP: 8/8
  4531 | D:4      | Noticed Ijyb
  4537 | D:5      | Entered Level 5 of the Dungeon
  4626 | D:5      | Reached skill level 5 in Fighting
  4656 | D:5      | Learned a level 1 spell: Confusing Touch
  4747 | D:5      | Found a sand-covered staircase.
  4980 | Ossuary  | Entered an ossuary
  5070 | Ossuary  | Slain by a mummy

Levels and vault maps discovered:
D:1:      evilmike_arrival_run_for_it, layout_loops_ring, minmay_pentomino_p4
D:2:      layout_basic, old_standard_altar
D:3:      layout_loops_ring, grunt_gozag_statues, marbit_many_paths,
          first_ration
D:4:      layout_loops_ring, ebering_ghost_rock_garden, hex_tiny, uniq_ijyb
D:5:      lemuel_ice_spiral_2, layout_basic, temple_statues,
          nicolae_ossuary_entry_catacombs, ashenzari_altar_1,
          uniq_crazy_yiuf_cottage
Ossuary:  ossuary_zaba_flooded

Skill      XL: |  1  2  3  4  5  6 |
---------------+-------------------+-----
Fighting       | 1 3 4 5 |  5.6
Short Blades   | 1 |  1.8
Axes           | 1 2 4 |  4.1
Invocations    | 2 3 |  3.5
Dodging        | |  1.5
Stealth        | |  1.5
Spellcasting   | |  1.5
Conjurations   | |  1.0
Fire Magic     | |  3.2

Action                   |  1- 3 |  4- 6 || total
-------------------------+-------+-------++-------
Melee: Unarmed           |    31 |       ||    31
       Dagger            |    55 |   134 ||   189
       War axe           |       |   340 ||   340
       Bite              |       |    27 ||    27
Throw: Dart              |       |     2 ||     2
 Cast: Flame Tongue      |    21 |       ||    21
       Confusing Touch   |       |     7 ||     7
  Use: Scroll            |     6 |     4 ||    10
       Potion            |     1 |     8 ||     9
 Stab: Sleeping          |     1 |     1 ||     2
       Confused          |       |     3 ||     3
  Eat: Chunk             |     1 |     8 ||     9
       Ration            |       |     3 ||     3
Armor: Robe              |    26 |    36 ||    62
       Plate armour      |       |   374 ||   374
Dodge: Dodged            |    78 |   179 ||   257
